 Dungeon Sprint DCSS version 0.28.0-53-g5a82cb258f (webtiles) character file.

Game seed: 12005605996015529414

182 Zeld the Thaumaturge (level 5, 0/32 HPs)
             Began as a Deep Elf Conjurer on May 27, 2022.
             Was a Priest of Sif Muna.
             Succumbed to a kobold brigand's curare-tipped dart
             ... in the Dungeon (Sprint VII: "The Pits").
             The game lasted 00:01:18 (730 turns).

Zeld the Thaumaturge (Deep Elf Conjurer)             Turns: 730, Time: 00:01:19

Health: 0/32       AC:  2    Str:  4    XL:     5   Next: 34%
Magic:  4/18       EV: 12    Int: 25    God:    Sif Muna [***...]
Gold:   0          SH:  0    Dex: 13    Spells: 19/22 levels left

rFire   . . .      SeeInvis .   a - +2 quarterstaff (speed)
rCold   . . .      Faith    .   (shield currently unavailable)
rNeg    . . .      Spirit   .   h - +0 robe
rPois   .          Reflect  .   (no helmet)
rElec   .          Harm     .   (no cloak)
rCorr   .          Rampage  .   (no gloves)
Will    .....      NoTele   +   (no boots)
Stlth   ++........              (no amulet)
HPRegen 0.10/turn               (no ring)
MPRegen 0.16/turn               (no ring)

@: lethally poisoned (0 -> -5), slowed, very slow
A: no striking features
a: Renounce Religion, Channel Magic, Forget Spell


You were in the Dungeon.
You worshipped Sif Muna.
Sif Muna was most pleased with you.
You visited 1 branch

Inventory:

Hand Weapons
 a - a +2 quarterstaff of speed (weapon)
Armour
 h - a +0 robe (worn)
Scrolls
 g - a scroll of blinking
 j - 5 scrolls of amnesia
 k - a scroll of summoning
Potions
 b - 6 potions of curing
 c - 6 potions of heal wounds
 d - a potion of haste
 e - 4 potions of magic
 f - 3 potions of berserk rage
 i - 2 potions of invisibility


   Skills:
 + Level 3.5 Fighting
 - Level 2.4 Dodging
 - Level 2.4 Stealth
 * Level 9.0 Spellcasting
 * Level 8.3 Conjurations
 + Level 4.2 Invocations


You had 19 spell levels left.
You knew the following spells:

 Your Spells              Type           Power      Damage    Failure   Level
a - Magic Dart            Conj           100%       1d8       1%          1
b - Searing Ray           Conj           100%       2d8       1%          2

Your spell library contained the following spells:

 Spells                   Type           Power      Damage    Failure   Level
 Dazzling Flash           Conj/Hex       64%        N/A       3%          3
 Fulminant Prism          Conj/Hex       16%        3d11      10%         4
 Iskenderun's Mystic Bla  Conj/Tloc      32%        2d8       10%         4


Dungeon Overview and Level Annotations

Branches:
Dungeon (1/1)

Altars:
Ashenzari
Cheibriados
Dithmenos
Elyvilon
Fedhas
Gozag
Hepliaklqana
Kikubaaqudgha
Makhleb
Nemelex Xobeh
Okawaru
Qazlal
Ru
Sif Muna
Trog
Uskayaw
Vehumet
Wu Jian
Xom
Yredelemnul
Zin
The Shining One
Beogh
Jiyva
Lugonu

Annotations:
D Terence


Message History

The curare-tipped dart barely misses you.
Your Fighting skill increases to level 3!
Your Spellcasting skill gained 3 levels and is now at level 9!
Your Conjurations skill gained 2 levels and is now at level 8!
Your Invocations skill gained 2 levels and is now at level 4!
You have reached level 5!
The kobold brigand throws a curare-tipped dart.
The curare-tipped dart hits you.
You are poisoned.
You have difficulty breathing.
You feel yourself slow down.
Items here: )) [[ †.
You feel very sick.
Casting: Searing Ray (safe; 1% risk of failure)
Confirm with . or Enter, or press ? or * to list all spells.
Aiming: Searing Ray (safe; 1% risk of failure)
Press: ? - help, Shift-Dir - straight line, f - Terence
Aim: Terence, wielding a +0 flail and wearing a +0 scale mail (85% to hit)
The searing ray misses the kobold brigand.
The searing ray hits the orc.
The orc is heavily wounded.
The searing ray hits Terence!
Terence is heavily wounded. (Press . to maintain the ray.)
You feel very sick.
The kobold brigand hits you with a +0 whip.
The kobold brigand closely misses you.
Unknown command.
The searing ray misses the kobold brigand.
The searing ray hits the orc!
You kill the orc!
Sif Muna accepts your kill.
The searing ray misses Terence.
You feel sick.
The kobold brigand hits you with a +0 whip.
* * * LOW HITPOINT WARNING * * *
Unknown command.
The searing ray hits the kobold brigand.
The kobold brigand is lightly wounded.
The searing ray hits Terence!
Terence is almost dead.
You die...

#.?(.')))'.##.....
##########.##.....
#...........'.....
#'#####'#####.....
#.#..#..÷'.##.....
#.#..#...#.#####'#
#.#..#####.##.....
#)#..'..÷#.##.....
#@#..'†..'.##.....
#K#.†########...<.
#@#..)[.)).##.....
#.#..#[))).##.....
#'###########.....
#.. ###### #..#
#... ##.##


You could see a kobold brigand and Terence.

Vanquished Creatures
  An ogre (D)
  An iron imp (D)
  An orc wizard (D)
  2 adders (D)
  A river rat (D)
  2 ufetubi (D)
  2 orcs (D)
  2 ball pythons (D)
  A bat (D)
  A rat (D)
14 creatures vanquished.

Notes
Turn   | Place    | Note
-------+----------+-------------------------------------------
     0 | D        | Zeld the Deep Elf Conjurer began the quest for the Orb.
     0 | D        | Reached XP level 1. HP: 10/10 MP: 6/6
    16 | D        | Reached skill level 1 in Fighting
    16 | D        | Reached skill level 4 in Spellcasting
    16 | D        | Reached skill level 5 in Conjurations
    16 | D        | Reached XP level 2. HP: 13/16 MP: 2/9
    19 | D        | Learned a level 2 spell: Searing Ray
   181 | D        | Found a bloodstained altar of Trog.
   181 | D        | Found a shimmering blue altar of Sif Muna.
   181 | D        | Found a viscous altar of Jiyva.
   181 | D        | Found a hazy altar of Hepliaklqana.
   181 | D        | Found an opulent altar of Gozag.
   182 | D        | Found a glowing golden altar of the Shining One.
   182 | D        | Found a glowing silver altar of Zin.
   182 | D        | Found a basalt altar of Yredelemnul.
   182 | D        | Found a shimmering altar of Xom.
   182 | D        | Found an ornate altar of the Wu Jian Council.
   182 | D        | Found a sacrificial altar of Ru.
   182 | D        | Found a stormy altar of Qazlal.
   182 | D        | Found an iron altar of Okawaru.
   182 | D        | Found a sparkling altar of Nemelex Xobeh.
   182 | D        | Found a burning altar of Makhleb.
   182 | D        | Found a blossoming altar of Fedhas.
   182 | D        | Found a white marble altar of Elyvilon.
   182 | D        | Found a shadowy altar of Dithmenos.
   182 | D        | Found a snail-covered altar of Cheibriados.
   184 | D        | Found a radiant altar of Vehumet.
   184 | D        | Found a corrupted altar of Lugonu.
   185 | D        | Found a hide-covered altar of Uskayaw.
   185 | D        | Found an ancient bone altar of Kikubaaqudgha.
   185 | D        | Found a broken altar of Ashenzari.
   187 | D        | Became a worshipper of Sif Muna the Loreminder
   230 | D        | Reached skill level 5 in Spellcasting
   230 | D        | Reached skill level 1 in Invocations
   376 | D        | Reached * piety under Sif Muna
   531 | D        | Reached XP level 3. HP: 21/21 MP: 9/12
   533 | D        | Reached ** piety under Sif Muna
   534 | D        | Reached skill level 6 in Spellcasting
   711 | D        | Noticed a kobold brigand
   711 | D        | Noticed an ogre
   723 | D        | Noticed Terence
   724 | D        | Reached *** piety under Sif Muna
   725 | D        | Reached XP level 4. HP: 21/27 MP: 8/14
   725 | D        | Killed an ogre
   726 | D        | Reached skill level 9 in Spellcasting
   726 | D        | Reached XP level 5. HP: 25/32 MP: 7/18
   730 | D        | Succumbed to a kobold brigand's curare-tipped dart

Illustrated notes

Levels and vault maps discovered:
D:        pitsprint [storerooms_1, entrance_room_1, metal_vault_8, armoury_2,
          mini_pit_1, grid_room_1, main_hall_1, silver_pit, the_coven_3,
          the_vestibule_1, steel_vault_3, golden_pit, hallway_of_sentries,
          crystal_vault_2, iron_vault_3, final_vault]

Skill      XL: |  1  2  3  4 |
---------------+-------------+-----
Fighting       | 1 2 3 |  3.5
Spellcasting   | 4 5 6 9 |  9.0
Conjurations   | 5 6 8 |  8.3
Invocations    | 1 2 4 |  4.2
Dodging        | |  2.4
Stealth        | |  2.4

Action                   |  1- 3 |  4- 6 || total
-------------------------+-------+-------++-------
 Cast: Magic Dart        |     8 |       ||     8
       Searing Ray       |     5 |     1 ||     6
Armor: Robe              |     2 |       ||     2
Dodge: Dodged            |     7 |     2 ||     9
